 Dungeon Crawl Stone Soup version bcrawl-1.27.8b (webtiles) character file.

Game seed: 2598349009524581256

160078 LostNumber the Insei (level 5, -2/32 HPs)
             Began as a Vine Stalker Martial Artist on Nov 5, 2020.
             Was a Believer of Wu Jian.
             Slain by a bullfrog (3 damage)
             ... on level 3 of the Dungeon.
             The game lasted 00:02:38 (2023 turns).

LostNumber the Insei (Vine Stalker Martial Artist)  Turns: 2023, Time: 00:02:38

Health: -2/32      AC:  8    Str: 16    XL:     5   Next: 27%
Magic:  7/7        EV: 11    Int:  9    God:    Wu Jian [**....]
Gold:   174        SH:  5    Dex: 16    Spells: 5/6 levels left

rFire    . . .     SeeInvis .     - Fists (10.1)
rCold    . . .     Gourm    .   n - +0 buckler
rNeg     . . .     Faith    .   h - +0 ring mail
rPois    .         Spirit   .   (no helmet)
rElec    .         Reflect  .   p - +2 cloak
rCorr    .         Harm     .   (no gloves)
MR       .....                  (no boots)
Stlth    +.........             (no amulet)
HPRegen  0.50/turn              (no ring)
MPRegen  0.10/turn              (no ring)

@: no status effects
A: fangs 2, regeneration 1, no potion heal 3, rot immunity, strong jaws
a: Wall Jump, Serpent's Lash, Renounce Religion


You were on level 3 of the Dungeon.
You worshipped Wu Jian.
Wu Jian was pleased with you.
You were hungry.

You visited 1 branch of the dungeon, and saw 3 of its levels.

You collected 174 gold pieces.

Inventory:

Armour
 a - a +0 robe
 h - a +0 ring mail (worn)
   (You found it on level 1 of the Dungeon)
 n - a +0 buckler (worn)
   (You found it on level 2 of the Dungeon)
 p - a +2 cloak (worn)
   (You found it on level 3 of the Dungeon)
Jewellery
 i - a +5 amulet of reflection {unknown}
   (You found it on level 2 of the Dungeon)
Scrolls
 c - 3 scrolls of magic mapping {unknown}
 f - 2 scrolls of teleportation {unknown}
 g - 2 scrolls of identify {@r1}
 o - a scroll of enchant weapon {unknown}
 q - a scroll of remove curse {unknown}
Potions
 b - a potion of agility
 j - a potion of cancellation {unknown}
 k - a potion of curing {unknown}
 l - a potion of haste {unknown}
 m - a potion of degeneration {unknown}
Comestibles
 d - a chunk of flesh
 e - 4 rations {!d!d}


   Skills:
 + Level 3.4 Fighting
 + Level 3.8 Dodging
 - Level 1.5 Stealth
 + Level 0.9 Shields
 * Level 5.2 Unarmed Combat
 - Level 1.1 Spellcasting
 - Level 1.0 Hexes


You had 5 spell levels left.
You knew the following spells:

 Your Spells              Type           Power        Failure   Level  Hunger
a - Confusing Touch       Hex            #.......     75%         1    None
Your spell library was empty.

Dungeon Overview and Level Annotations

Branches:
Dungeon (3/12)

Altars:
Elyvilon
Nemelex Xobeh
Zin

Annotations:
D:2 1 runed door


Innate Abilities, Weirdness & Mutations

You have extremely sharp teeth.
Your natural rate of healing is unusually fast.
Potions cannot restore your health.
You are immune to rotting.
Your bites deal extra damage.


Message History

You closely miss the kobold. You block the kobold's attack.
You hit the kobold but do no damage. The kobold hits you but does no damage.
You punch the kobold!
You kill the kobold!
The Council accepts your kill.
No target in view!
No target in view!
No target in view!
No target in view!
No target in view!
Some of the chunks of flesh in your inventory have rotted away.
You open the door.
There is an open door here.
You enter the shallow water.
Moving in this stuff is going to be slow.
A bullfrog comes into view.
You have encountered a dangerous foe!
The bullfrog gives a loud, deep croak!
The bullfrog barely misses you. x2
The bullfrog hits you but does no damage.
You block the bullfrog's attack.
The bullfrog hits you but does no damage.
The bullfrog hits you. The bullfrog closely misses you.
The bullfrog misses you. The bullfrog hits you!
You punch the bullfrog! You bite the bullfrog! The bullfrog hits you.
You closely miss the bullfrog. The bullfrog barely misses you.
The bullfrog closely misses you.
You closely miss the bullfrog. You bite the bullfrog.
The bullfrog barely misses you.
You barely miss the bullfrog. The bullfrog barely misses you.
You barely miss the bullfrog. Your bite misses the bullfrog.
The bullfrog hits you!
* * * LOW HITPOINT WARNING * * *
The bullfrog hits you but does no damage.
You punch the bullfrog! The bullfrog closely misses you.
You are feeling hungry.
You barely miss the bullfrog. The bullfrog hits you!
* * * LOW HITPOINT WARNING * * *
The bullfrog closely misses you.
You barely miss the bullfrog.
The bullfrog hits you but does no damage.
You completely miss the bullfrog. Your bite misses the bullfrog.
The bullfrog hits you.
* * * LOW HITPOINT WARNING * * *
You barely miss the bullfrog. The bullfrog hits you.
* * * LOW HITPOINT WARNING * * *
You barely miss the bullfrog. Your bite misses the bullfrog.
The bullfrog hits you.
You die...

...#.......# ####........# #.
...#...###.# #.########..###.
#..#...# #.# ##'#............)
#[.#...# #.######....######..###.
#..#...###.#≈≈≈≈#............# #.
#..#÷....#.#≈≈≈≈#.....##....####.
#..#.#.###.≈≈≈≈≈#................
...........≈≈≈≈≈##.##.##.########
.....#.###≈≈≈≈≈F@..##.##.#
.........#≈≈≈≈≈....##.##.#####
≈≈≈....#.#≈≈≈≈#....##.#......#
≈≈≈≈...#.≈≈≈≈≈#....##.######.#
≈♣≈≈...#.≈≈≈≈≈#....##........#
≈≈≈≈...#.≈≈≈≈##.)..##..#####.#
≈≈≈......≈≈≈≈##....##..# #.#
....≈≈≈≈##....##..# #.#
###.≈≈≈≈≈#....##..# #.#


You could see a bullfrog.

Vanquished Creatures
  2 iguanas
  A howler monkey skeleton (D:3)
  2 worms
  3 leopard geckos
  3 orcs
  2 ball pythons
  2 giant cockroaches
  15 goblins
  8 hobgoblins
  4 jackals (D:1)
  2 quokkas
  6 bats
  10 kobolds
  8 rats
68 creatures vanquished.

Notes
Turn   | Place    | Note
-------+----------+-------------------------------------------
     0 | D:1      | LostNumber the Vine Stalker Martial Artist began the quest
                  | for the Orb.
     0 | D:1      | Reached XP level 1. HP: 13/13 MP: 3/3
   121 | D:1      | Reached XP level 2. HP: 18/18 MP: 4/4
   304 | D:1      | Reached XP level 3. HP: 23/23 MP: 5/5
   462 | D:1      | Reached ** piety under Wu Jian
   632 | D:1      | Found a sparkling altar of Nemelex Xobeh.
   713 | D:2      | Found a glowing silver altar of Zin.
   905 | D:2      | Reached XP level 4. HP: 28/28 MP: 6/6
  1100 | D:2      | Found a runed door.
  1510 | D:3      | Reached skill level 5 in Unarmed Combat
  1519 | D:3      | Found a white marble altar of Elyvilon.
  1621 | D:3      | Reached XP level 5. HP: 32/32 MP: 7/7
  2006 | D:3      | Noticed a bullfrog
  2021 | D:3      | HP: 1/32 [bullfrog (5)]
  2023 | D:3      | Slain by a bullfrog

Skill      XL: |  1  2  3  4 |
---------------+-------------+-----
Fighting       | 3 |  3.4
Unarmed Combat | 5 |  5.2
Dodging        | |  3.8
Stealth        | |  1.5
Shields        | |  0.9
Spellcasting   | |  1.1
Hexes          | |  1.0

Action                   |  1- 3 |  4- 6 || total
-------------------------+-------+-------++-------
Melee: Unarmed           |   110 |    72 ||   182
       Bite              |    10 |     9 ||    19
       Punch             |     4 |       ||     4
Invok: Lunge             |    17 |     8 ||    25
 Stab: Sleeping          |     5 |     2 ||     7
       Distracted        |       |     1 ||     1
  Eat: Chunk             |     2 |     5 ||     7
Armor: Robe              |     7 |       ||     7
       Ring mail         |    10 |    15 ||    25
Dodge: Dodged            |    61 |    28 ||    89
Block: Buckler           |       |     7 ||     7
